 Dungeon Crawl Stone Soup version 0.27-a0-808-g60bc5d92e6 (webtiles) character file.

Game seed: 14057167213307276302

548 rageheart7 the Skirmisher (level 7, 0/60 HPs)
             Began as a Barachi Monk on Mar 28, 2021.
             Slain by a white imp (4 damage)
             ... summoned by Eustachio
             ... on level 4 of the Dungeon.
             The game lasted 00:04:32 (4289 turns).

rageheart7 the Skirmisher (Barachi Monk)            Turns: 4289, Time: 00:04:33

Health: 0/60       AC:  3    Str: 14    XL:     7   Next: 28%
Magic:  7/7        EV: 12    Int: 10    God:
Gold:   210        SH:  0    Dex: 15    Spells: 6/6 levels left

rFire    . . .     SeeInvis .   c - +2 dagger (speed)
rCold    . . .     Faith    .   (no shield)
rNeg     . . .     Spirit   .   l - +0 leather armour
rPois    .         Reflect  .   (no helmet)
rElec    .         Harm     .   (no cloak)
rCorr    .         Rampage  .   (no gloves)
Will     .....                  (no boots)
Stlth    ++........             (no amulet)
HPRegen  0.20/turn              (no ring)
MPRegen  0.10/turn              (no ring)

@: slow
A: +LOS, amphibious, slowness 1, strong legs 1
a: Hop


You were on level 4 of the Dungeon.
You visited 1 branch of the dungeon, and saw 4 of its levels.

You collected 210 gold pieces.

Inventory:

Hand Weapons
 a - a +0 falchion
 c - a +2 dagger of speed (weapon)
Armour
 l - a +0 leather armour (worn)
Scrolls
 d - a scroll of holy word {unknown}
 e - 2 scrolls of noise {unknown}
 f - a scroll of acquirement {unknown}
 h - 2 scrolls of fog {unknown}
 i - a scroll of magic mapping {unknown}
 j - a scroll of blinking {unknown}
 k - 4 scrolls of teleportation {unknown}
 m - a scroll of vulnerability {unknown}


   Skills:
 * Level 7.3 Fighting
 * Level 7.3 Long Blades
 - Level 3.2 Dodging
 - Level 1.7 Stealth


You had 6 spell levels left.
You didn't know any spells.
Your spell library was empty.

Dungeon Overview and Level Annotations

Branches:
Dungeon (4/15)
 Temple: D:4-7

Altars:
Ashenzari
Dithmenos
Elyvilon
Gozag
Hepliaklqana
Makhleb
Nemelex Xobeh
Okawaru
Sif Muna
Uskayaw
Wu Jian
Zin

Annotations:
D:4 Eustachio


Innate Abilities, Weirdness & Mutations

You can be seen from farther away. (+LOS)
You are amphibious.
You cover ground slowly.
You can hop short distances.


Message History

Eustachio is severely wounded.
The iceblast engulfs the shadow imp.
The shadow imp partially resists.
You kill the shadow imp!
The now-empty wand crumbles to dust.
You aren't carrying any items that you can evoke.
You completely miss the white imp.
The white imp hits you but does no damage.
You aren't carrying any items that you can evoke.
Eustachio closely misses you.
Eustachio hits you with a +2 rapier of freezing!
Eustachio freezes you.
You hit Eustachio but do no damage.
Eustachio is severely wounded.
You hit Eustachio.
Eustachio is almost dead.
The white imp hits you.
* * * LOW HITPOINT WARNING * * *
The white imp freezes you.
* * * LOW HITPOINT WARNING * * *
Eustachio hits you with a +2 rapier of freezing!
* * * LOW HITPOINT WARNING * * *
Eustachio freezes you.
* * * LOW HITPOINT WARNING * * *
You hit Eustachio.
Eustachio is almost dead.
You hit Eustachio but do no damage.
Eustachio is almost dead.
Eustachio calls on the powers of shadow!
Eustachio mumbles some strange words.
The white imp hits you but does no damage.
Unknown command.
You closely miss Eustachio.
Eustachio is almost dead.
Unknown command.
You hit Eustachio but do no damage.
Eustachio is almost dead.
The white imp hits you.
* * * LOW HITPOINT WARNING * * *
The white imp freezes you.
You die...

#.# (# #.# #.# ###.#
#.# #.# #...# #.#
#.###.#.# #.#
#.##..#.# #.#
#?......# ###.#
##.......## ##.#.#
#...≈≈≈...#
#....#####..≈≈≈5@..#
............≈≈♣@5....+
#...######..≈≈≈≈≈5.###
##..# ♣...≈≈≈...♣ ##.#
♣♣.......♣♣ #.#
♣♣.....♣♣ #.# ♣♣...♣♣
#÷# ...$.♣ #.# .......


You could see Eustachio, a quasit (summoned), a crimson imp (summoned) and a
white imp (summoned).

Vanquished Creatures
  Sigmund (D:3)
  2 black bears
  Ijyb (D:4)
  Jessica (D:2)
  Natasha (twice) (D:3)
  3 adders (D:2)
  5 worms (D:2)
  2 dart slugs
  An orc (D:3)
  5 ball pythons
  8 endoplasms
  2 giant cockroaches (D:1)
  5 hobgoblins
  7 jackals (D:3)
  3 quokkas
  4 bats
  6 frilled lizards
  8 goblins
  3 kobolds
  4 rats
73 creatures vanquished.

Notes
Turn   | Place    | Note
-------+----------+-------------------------------------------
     0 | D:1      | rageheart7 the Barachi Monk began the quest for the Orb.
     0 | D:1      | Reached XP level 1. HP: 18/18 MP: 1/1
   448 | D:1      | Reached XP level 2. HP: 19/25 MP: 2/2
  1030 | D:2      | Reached XP level 3. HP: 18/31 MP: 3/3
  1304 | D:2      | Noticed a black bear
  1317 | D:2      | Killed a black bear
  1318 | D:2      | Reached skill level 5 in Fighting
  1318 | D:2      | Reached skill level 5 in Long Blades
  1318 | D:2      | Reached XP level 4. HP: 15/39 MP: 4/4
  1318 | D:2      | Reached XP level 5. HP: 17/44 MP: 5/5
  2230 | D:2      | Noticed Jessica
  2238 | D:2      | Killed Jessica
  2587 | D:3      | Noticed Sigmund
  2605 | D:3      | Killed Sigmund
  2606 | D:3      | Reached XP level 6. HP: 24/53 MP: 6/6
  3171 | D:3      | Found a sparkling altar of Nemelex Xobeh.
  3173 | D:3      | Found a burning altar of Makhleb.
  3176 | D:3      | Found an opulent altar of Gozag.
  3176 | D:3      | Found an ornate altar of the Wu Jian Council.
  3176 | D:3      | Found a broken altar of Ashenzari.
  3176 | D:3      | Found a hide-covered altar of Uskayaw.
  3177 | D:3      | Found a shimmering blue altar of Sif Muna.
  3178 | D:3      | Found a white marble altar of Elyvilon.
  3179 | D:3      | Found a glowing silver altar of Zin.
  3180 | D:3      | Found a hazy altar of Hepliaklqana.
  3182 | D:3      | Found an iron altar of Okawaru.
  3325 | D:3      | Noticed Natasha
  3333 | D:3      | Killed Natasha
  3550 | D:3      | Found a shadowy altar of Dithmenos.
  3621 | D:3      | Noticed Natasha
  3643 | D:3      | Killed Natasha
  3771 | D:4      | Noticed Ijyb
  3812 | D:4      | Killed Ijyb
  3813 | D:4      | Reached XP level 7. HP: 57/60 MP: 7/7
  3966 | D:4      | HP: 2/60 [black bear (10)]
  4271 | D:4      | Noticed Eustachio
  4289 | D:4      | Slain by a white imp

Illustrated notes

Levels and vault maps discovered:
D:1:      minmay_arrival_stair_chambers, layout_rooms, minivault_25
D:2:      layout_loops_cross, minmay_fractal_squares_5, uniq_jessica
D:3:      layout_loops_cross, minitemple, general_overflow_altar, uniq_natasha,
          uniq_sigmund
D:4:      layout_loops_corners, elyvilon_altar_3, uniq_eustachio, uniq_ijyb

Skill      XL: |  1  2  3  4  5  6 |
---------------+-------------------+-----
Fighting       | 4 5 6 7 |  7.3
Long Blades    | 4 5 6 7 |  7.3
Dodging        | |  3.2
Stealth        | |  1.7

Action                   |  1- 3 |  4- 6 |  7- 9 || total
-------------------------+-------+-------+-------++-------
Melee: Falchion          |    83 |   134 |       ||   217
       Dagger            |       |    56 |    26 ||    82
 Abil: Hop               |       |     1 |       ||     1
Evoke: Wand              |       |       |     3 ||     3
  Use: Potion            |     1 |     5 |       ||     6
 Stab: Sleeping          |     4 |     6 |       ||    10
Armor: Robe              |    10 |     4 |       ||    14
       Leather armour    |       |    27 |     5 ||    32
       Skin              |       |     7 |       ||     7
Dodge: Dodged            |    51 |    86 |    10 ||   147
       Rpst.: Falchion   |    17 |    22 |       ||    39

Table legend: (Time is in decaauts)
 A = Elapsed time spent in this place.
 B = Non-inter-level travel time spent in this place.
 C = Inter-level travel time spent in this place.
 D = Time resting spent in this place.
 E = Time spent auto-exploring this place.
 F = Levels seen in this place.
 G = Mean time per level.
                   A        B        C        D        E       F      G
               +--------+--------+--------+--------+--------+-----+--------+
         Total |   4616 |   4463 |    153 |    832 |   3001 |   4 | 1154.0 |
       Dungeon |   4616 |   4463 |    153 |    832 |   3001 |   4 | 1154.0 |
               +--------+--------+--------+--------+--------+-----+--------+

Top non-repeatable levels by time:
     D:2: 1508 daAuts
     D:1: 1306 daAuts
     D:3: 1294 daAuts
     D:4: 505 daAuts
